 Dungeon Crawl Stone Soup version 0.29.0-4-gdea44cf6ec (webtiles) character file.

Game seed: 1413501412598557287

6785 qw the Grappler (level 10, -1/98 HPs)
             Began as a Troll Cinder Acolyte on Sept 2, 2022.
             Was an Initiate of Okawaru.
             Slain by a fire elemental (11 damage)
             ... created by the fiery vengeance of Ignis
             ... on level 9 of the Dungeon.
             The game lasted 00:03:56 (6933 turns).

qw the Grappler (Troll Cinder Acolyte)              Turns: 6933, Time: 00:03:57

Health: -1/98      AC: 11    Str: 28    XL:     10   Next: 76%
Magic:  10/10      EV:  9    Int: 10    God:    Okawaru [......]
Gold:   484        SH:  0    Dex:  5    Spells: 11/11 levels left

rFire   . . .      SeeInvis +     - Unarmed
rCold   . . .      Faith    .   (no shield)
rNeg    . . .      Spirit   .   q - +0 acid dragon scales
rPois   +          Reflect  .   u - +1 hat
rElec   .          Harm     .   h - +1 cloak
rCorr   +          Rampage  .   (gloves unavailable)
Will    .....                   (boots unavailable)
Stlth   ..........              (no amulet)
HPRegen 1.06/turn               g - ring of poison resistance
MPRegen 0.12/turn               t - ring of see invisible

@: about to teleport, slowed, fire susceptible, very slow
A: large, unfitting armour, claws 3, regeneration 1, shaggy fur 1, tough skin 1
a: Renounce Religion


You were on level 9 of the Dungeon.
You worshipped Okawaru.
Okawaru was noncommittal.
You visited 2 branches of the dungeon, and saw 10 of its levels.

You collected 484 gold pieces.


Innate Abilities, Weirdness & Mutations

You are too large for most types of armour.
You have claws for hands.
Your natural rate of healing is unusually fast.
You are covered in fur. (AC +1)
You have tough skin. (AC +1)


   Skills:
 + Level 5.7 Fighting
 - Level 5.0 Throwing
 - Level 2.0 Armour
 - Level 1.4 Dodging
 - Level 14.0 Unarmed Combat
 - Level 1.0 Spellcasting
 - Level 2.1 Fire Magic


You had 11 spell levels left.
You didn't know any spells.
Your spell library contained the following spells:

 Spells                   Type           Power      Damage    Failure   Level
 Scorch                   Fire           8%         2d5       26%         2

Inventory:

Missiles
 i - 5 boomerangs
 s - 5 javelins (quivered)
Armour
 h - a +1 cloak (worn)
 q - +0 acid dragon scales (worn)
 u - a +1 hat (worn)
Jewellery
 c - a ring of protection from cold
 g - a ring of poison resistance (left claw)
 k - a ring of resist corrosion
 t - a ring of see invisible (right claw)
 Y - a +6 ring of strength
Scrolls
 l - a scroll of identify
 m - a scroll of enchant weapon
Potions
 b - 2 potions of haste
 d - 3 potions of might
 e - a potion of heal wounds
 n - 5 potions of curing
 r - a potion of resistance

Dungeon Overview and Level Annotations

Branches:
Dungeon (9/15)             Temple (1/1) D:4
   Lair: D:8-11         Orc: D:9-12

Altars:
Ashenzari
Cheibriados
Dithmenos
Elyvilon
Fedhas
Gozag
Hepliaklqana
Kikubaaqudgha
Makhleb
Nemelex Xobeh
Okawaru
Qazlal
Ru
Sif Muna
Trog
Uskayaw
Vehumet
Wu Jian
Yredelemnul
Zin
The Shining One


Message History

You throw a silver javelin.
The silver javelin pierces through the orc.
The orc is moderately wounded.
Throw: 6 javelins
Press: ? - help, Q - select action, (/) - cycle Shift-Dir - straight line, f/p - orc You throw a javelin.
The javelin pierces through the orc!!
You kill the orc!
Okawaru accepts your kill. "Burn!
Burn until nothing is left!"
The divine experience drains your vigour!
You feel yourself slow down. 3 fire elementals come into view.
You closely miss the fire elemental. You claw the fire elemental!
The fire elemental is moderately damaged.
The fire elemental hits you. The fire elemental burns you!
You closely miss the fire elemental.
The fire elemental is moderately damaged.
The fire elemental closely misses you. The fire elemental barely misses you.
The fire elemental completely misses you.
You claw the fire elemental! You claw the fire elemental.
The fire elemental is severely damaged.
The fire elemental hits you. The fire elemental burns you!
The fire elemental hits you. The fire elemental burns you!
The fire elemental hits you. The fire elemental burns you!
The fire elemental hits you. The fire elemental burns you!
The fire elemental hits you. The fire elemental burns you!
The fire elemental hits you. The fire elemental burns you!
You closely miss the fire elemental.
The fire elemental is severely damaged.
A killer bee comes into view.
The fire elemental hits you. The fire elemental burns you!
The fire elemental hits you. The fire elemental burns you!
The fire elemental closely misses you.
6933 ||| READING scroll of teleportation.
As you read the scroll of teleportation, it crumbles to dust.
You feel strangely unstable.
The killer bee buzzes angrily.
The fire elemental hits you. The fire elemental burns you!
You die...

##<## #...###
#.....#
##.....#
#.....### #
#....##.#.##.
##...#.0.....
#....E......
#...@E......
#....E....y..
#............
#.............
##............
#....).......
#....((......
#.....(......
..... ##.


You could see 3 fire elementals and a killer bee.

Vanquished Creatures
  2 kobold demonologists (D:8)
  A wyvern (D:9)
  11 yaks (D:9)
  2 steam dragons (D:8)
  3 water moccasins
  2 acid dragons
  Duvessa (D:4)
  6 orc warriors
  A sky beast (D:7)
  2 ice beasts
  4 ogres
  2 centaurs
  6 kobold brigands
  A phantom (D:4)
  2 bullfrogs
  2 necrophages
  A gnoll sergeant (D:8)
  6 scorpions (D:5)
  Dowan (D:4)
  2 howler monkeys (D:9)
  A hound (D:7)
  A jelly (D:6)
  9 orc priests
  3 gnoll boudas
  An iguana (D:5)
  11 orc wizards
  18 gnolls
  9 adders
  2 worms
  3 dart slugs
  46 orcs
  16 bats
  3 endoplasms
  2 giant cockroaches
  5 goblins
  6 hobgoblins
  4 jackals (D:5)
  11 kobolds
  3 quokkas
  12 ball pythons
  A frilled lizard (D:2)
  7 rats
232 creatures vanquished.

Vanquished Creatures (others)
  8 fungi (D:5)
8 creatures vanquished.

Grand Total: 240 creatures vanquished

Notes
Turn   | Place    | Note
-------+----------+-------------------------------------------
     0 | D:1      | qw the Troll Cinder Acolyte began the quest for the Orb.
     0 | D:1      | Reached XP level 1. HP: 22/22 MP: 1/1
     0 | D:1      | 0 ||| qw: Version: 0.1-a-97-g2dd2ca4
     0 | D:1      | 0 ||| qw: Game counter: 4909
     0 | D:1      | 0 ||| qw: Always use a shield: true
     0 | D:1      | 0 ||| qw: God list: Okawaru
     0 | D:1      | 0 ||| qw: Allow faded altars: false
     0 | D:1      | 0 ||| qw: Do Orc after D:15 true
     0 | D:1      | 0 ||| qw: Do second Lair branch before Depths: true
     0 | D:1      | 0 ||| qw: Lair rune preference: random
     0 | D:1      | 0 ||| qw: Plans: Normal
     0 | D:1      | 0 ||| PLANNING D:1-11
    54 | D:1      | 54 ||| Stepping ~*~*~tactically~*~*~ (stealth).
    56 | D:1      | 56 ||| Stepping ~*~*~tactically~*~*~ (hiding).
   106 | D:1      | Reached XP level 2. HP: 29/29 MP: 2/2
   374 | D:1      | Reached skill level 4 in Unarmed Combat
   614 | D:1      | 614 ||| UPGRADING to +1 cloak.
   619 | D:1      | 619 ||| UPGRADING to ring of resist corrosion.
   620 | D:1      | 620 ||| READING scroll labelled DYJUWEYSHRA.
   621 | D:1      | 621 ||| READING scroll labelled PUIVIA IKUTUU.
   624 | D:1      | 624 ||| READING scroll labelled JOINWE CENWEK.
   663 | D:2      | Reached XP level 3. HP: 36/36 MP: 3/3
   667 | D:2      | Identified the +6 falchion of Egomania {protect, Str+3
                  | Int+3 Dex+4}
  1021 | D:2      | 1021 ||| Stepping ~*~*~tactically~*~*~ (hiding).
  1023 | D:2      | 1023 ||| Stepping ~*~*~tactically~*~*~ (hiding).
  1482 | D:2      | 1482 ||| DROPPING ring of magical power.
  1483 | D:2      | 1483 ||| READING scroll labelled QIULAA GAPP.
  1484 | D:2      | 1484 ||| READING scroll labelled BYNYMA JIOHI.
  1485 | D:2      | 1485 ||| READING scroll labelled BAYHOH RIME.
  1486 | D:2      | 1486 ||| READING scroll labelled ORASYSEPOUN.
  1487 | D:2      | 1487 ||| READING scroll labelled BUMIORHOGY.
  1653 | D:3      | 1653 ||| Stepping ~*~*~tactically~*~*~ (stealth).
  1660 | D:3      | 1660 ||| Stepping ~*~*~tactically~*~*~ (stealth).
  1813 | D:3      | 1813 ||| Stepping ~*~*~tactically~*~*~ (stealth).
  1827 | D:3      | Reached XP level 4. HP: 44/44 MP: 4/4
  2046 | D:3      | 2046 ||| READING 2 scrolls labelled FOANIA YCVAR.
  2047 | D:3      | 2047 ||| DRINKING 4 sedimented coppery potions.
  2048 | D:3      | 2048 ||| DROPPING scroll of magic mapping.
  2168 | D:3      | 2168 ||| STAIRDANCE
  2196 | D:3      | Found an ornate altar of the Wu Jian Council.
  2239 | D:3      | Reached skill level 1 in Throwing
  2416 | D:4      | 2416 ||| Stepping ~*~*~tactically~*~*~ (hiding).
  2532 | D:4      | Found a staircase to the Ecumenical Temple.
  2604 | D:4      | Reached skill level 5 in Unarmed Combat
  2727 | D:4      | Noticed a phantom
  2732 | D:4      | Killed a phantom
  2733 | D:4      | Reached XP level 5. HP: 45/50 MP: 5/5
  2758 | D:4      | 2758 ||| Stepping ~*~*~tactically~*~*~ (stealth).
  2760 | D:4      | 2760 ||| Stepping ~*~*~tactically~*~*~ (stealth).
  2849 | D:4      | Noticed Duvessa
  2850 | D:4      | Noticed Dowan
  2851 | D:4      | 2851 ||| Stepping ~*~*~tactically~*~*~ (stealth).
  2852 | D:4      | 2852 ||| INVOKING Fiery Armour.
  2857 | D:4      | Killed Duvessa
  2858 | D:4      | Reached skill level 6 in Unarmed Combat
  2858 | D:4      | Reached XP level 6. HP: 52/59 MP: 6/6
  2858 | D:4      | Killed Dowan
  2924 | D:4      | 2924 ||| Stepping ~*~*~tactically~*~*~ (hiding).
  2928 | D:4      | 2928 ||| Stepping ~*~*~tactically~*~*~ (outnumbered).
  3272 | D:4      | 3272 ||| Stepping ~*~*~tactically~*~*~ (stealth).
  3278 | D:4      | Reached skill level 7 in Unarmed Combat
  3279 | D:4      | 3279 ||| Stepping ~*~*~tactically~*~*~ (hiding).
  3281 | D:4      | 3281 ||| Stepping ~*~*~tactically~*~*~ (hiding).
  3285 | D:4      | 3285 ||| INVOKING Fiery Armour.
  3321 | D:4      | 3321 ||| DRINKING 2 amethyst potions.
  3425 | D:4      | 3425 ||| READING 3 scrolls of identify.
  3425 | D:4      | 3425 ||| IDENTIFYING fizzy emerald potion
  3426 | D:4      | 3426 ||| READING 2 scrolls of identify.
  3426 | D:4      | 3426 ||| IDENTIFYING fizzy red potion
  3427 | D:4      | 3427 ||| DROPPING potion of ambrosia.
  3428 | D:4      | 3428 ||| DROPPING potion of berserk rage.
  3437 | D:5      | Entered Level 5 of the Dungeon
  3445 | D:5      | Reached XP level 7. HP: 64/66 MP: 7/7
  3468 | D:5      | Reached skill level 8 in Unarmed Combat
  3537 | D:5      | Reached skill level 3 in Fighting
  3616 | D:5      | 3616 ||| Stepping ~*~*~tactically~*~*~ (outnumbered).
  3634 | D:5      | 3634 ||| DRINKING 6 potions of curing.
  3634 | D:5      | 3634 ||| (to cure confusion)
  3664 | D:5      | Reached skill level 9 in Unarmed Combat
  3664 | D:5      | Reached XP level 8. HP: 63/75 MP: 8/8
  3803 | D:5      | 3803 ||| Stepping ~*~*~tactically~*~*~ (outnumbered).
  3806 | D:5      | Reached skill level 3 in Throwing
  3852 | D:5      | Reached skill level 1 in Dodging
  3883 | D:5      | Found the +7 Singing Sword {vorpal, sonic wave}
  4058 | D:5      | 4058 ||| UPGRADING to +6 ring of strength.
  4059 | D:5      | 4059 ||| DRINKING 2 bubbling cyan potions.
  4060 | D:5      | 4060 ||| READING 3 scrolls of identify.
  4060 | D:5      | 4060 ||| IDENTIFYING pink potion
  4061 | D:5      | 4061 ||| READING 2 scrolls of identify.
  4061 | D:5      | 4061 ||| IDENTIFYING clear potion
  4062 | D:5      | 4062 ||| DROPPING potion of degeneration.
  4113 | D:6      | 4113 ||| INVOKING Fiery Armour.
  4115 | D:6      | Reached skill level 10 in Unarmed Combat
  4115 | D:6      | HP: 17/75 [poisoned by a water moccasin]
  4120 | D:6      | HP: 13/75 [poisoned by a water moccasin]
  4201 | D:6      | 4201 ||| Stepping ~*~*~tactically~*~*~ (stealth).
  4206 | D:6      | 4206 ||| Stepping ~*~*~tactically~*~*~ (hiding).
  4207 | D:6      | 4207 ||| Stepping ~*~*~tactically~*~*~ (hiding).
  4387 | D:6      | 4387 ||| Stepping ~*~*~tactically~*~*~ (hiding).
  4388 | D:6      | 4388 ||| Stepping ~*~*~tactically~*~*~ (outnumbered).
  4392 | D:6      | 4392 ||| INVOKING Fiery Armour.
  4467 | D:6      | 4467 ||| Stepping ~*~*~tactically~*~*~ (hiding).
  4475 | D:6      | 4475 ||| DRINKING 5 potions of curing.
  4475 | D:6      | 4475 ||| (to cure confusion)
  4541 | D:6      | 4541 ||| Stepping ~*~*~tactically~*~*~ (stealth).
  4544 | D:6      | 4544 ||| Stepping ~*~*~tactically~*~*~ (stealth).
  4644 | D:6      | 4644 ||| INVOKING Fiery Armour.
  4645 | D:6      | HP: 19/78 [ice beast (13)]
  4646 | D:6      | Reached XP level 9. HP: 20/84 MP: 9/9
  4875 | D:6      | 4875 ||| DRINKING 2 sapphire potions.
  4876 | D:6      | 4876 ||| DROPPING potion of attraction.
  4889 | D:7      | 4889 ||| STAIRDANCE
  4895 | D:7      | 4895 ||| Stepping ~*~*~tactically~*~*~ (outnumbered).
  4896 | D:7      | 4896 ||| Stepping ~*~*~tactically~*~*~ (outnumbered).
  4897 | D:7      | 4897 ||| Stepping ~*~*~tactically~*~*~ (outnumbered).
  4898 | D:7      | 4898 ||| Stepping ~*~*~tactically~*~*~ (outnumbered).
  4907 | D:7      | Reached skill level 11 in Unarmed Combat
  4909 | D:7      | 4909 ||| Stepping ~*~*~tactically~*~*~ (outnumbered).
  4910 | D:7      | 4910 ||| Stepping ~*~*~tactically~*~*~ (outnumbered).
  4913 | D:7      | 4913 ||| Stepping ~*~*~tactically~*~*~ (outnumbered).
  4915 | D:7      | 4915 ||| Stepping ~*~*~tactically~*~*~ (outnumbered).
  4916 | D:7      | 4916 ||| Stepping ~*~*~tactically~*~*~ (outnumbered).
  4917 | D:7      | 4917 ||| Stepping ~*~*~tactically~*~*~ (outnumbered).
  4985 | D:7      | You fall into a shaft and drop 2 floors!
  5127 | D:9      | 5127 ||| UPGRADING to +0 acid dragon scales.
  5137 | D:9      | 5137 ||| REMOVING ring of resist corrosion.
  5138 | D:9      | 5138 ||| DROPPING +0 robe.
  5139 | D:9      | 5139 ||| UPGRADING to ring of protection from cold.
  5140 | D:9      | 5140 ||| DROPPING ring of ice.
  5191 | D:7      | Reached skill level 1 in Armour
  5198 | D:7      | 5198 ||| FLEEEEING.
  5199 | D:7      | Found a flagged portal.
  5202 | D:7      | 5202 ||| INVOKING Fiery Armour.
  5205 | D:7      | 5205 ||| Stepping ~*~*~tactically~*~*~ (outnumbered).
  5206 | D:7      | 5206 ||| Stepping ~*~*~tactically~*~*~ (outnumbered).
  5207 | D:7      | 5207 ||| Stepping ~*~*~tactically~*~*~ (outnumbered).
  5245 | D:7      | 5245 ||| Stepping ~*~*~tactically~*~*~ (stealth).
  5583 | D:7      | 5583 ||| READING 2 scrolls of identify.
  5583 | D:7      | 5583 ||| IDENTIFYING puce potion
  5584 | D:7      | 5584 ||| DROPPING potion of lignification.
  5616 | D:8      | 5616 ||| FLEEEEING.
  5617 | D:8      | 5617 ||| FLEEEEING.
  5618 | D:8      | 5618 ||| FLEEEEING.
  5621 | D:8      | 5621 ||| STAIRDANCE
  5698 | D:8      | 5698 ||| INVOKING Fiery Armour.
  5700 | D:8      | 5700 ||| Stepping ~*~*~tactically~*~*~ (outnumbered).
  5701 | D:8      | 5701 ||| Stepping ~*~*~tactically~*~*~ (outnumbered).
  5702 | D:8      | 5702 ||| Stepping ~*~*~tactically~*~*~ (outnumbered).
  5703 | D:8      | 5703 ||| Stepping ~*~*~tactically~*~*~ (outnumbered).
  5704 | D:8      | 5704 ||| Stepping ~*~*~tactically~*~*~ (outnumbered).
  5705 | D:8      | 5705 ||| Stepping ~*~*~tactically~*~*~ (outnumbered).
  5706 | D:8      | 5706 ||| Stepping ~*~*~tactically~*~*~ (outnumbered).
  5707 | D:8      | 5707 ||| Stepping ~*~*~tactically~*~*~ (outnumbered).
  5708 | D:8      | 5708 ||| Stepping ~*~*~tactically~*~*~ (outnumbered).
  5709 | D:8      | 5709 ||| Stepping ~*~*~tactically~*~*~ (hiding).
  5713 | D:8      | 5713 ||| Stepping ~*~*~tactically~*~*~ (outnumbered).
  5815 | D:8      | 5815 ||| Stepping ~*~*~tactically~*~*~ (hiding).
  5820 | D:8      | 5820 ||| INVOKING Fiery Armour.
  5835 | D:8      | Reached skill level 12 in Unarmed Combat
  5873 | D:8      | 5873 ||| Stepping ~*~*~tactically~*~*~ (hiding).
  5874 | D:8      | 5874 ||| Stepping ~*~*~tactically~*~*~ (hiding).
  5875 | D:8      | 5875 ||| Stepping ~*~*~tactically~*~*~ (hiding).
  5885 | D:8      | 5885 ||| Stepping ~*~*~tactically~*~*~ (hiding).
  5891 | D:8      | 5891 ||| Stepping ~*~*~tactically~*~*~ (outnumbered).
  5932 | D:8      | 5932 ||| INVOKING Fiery Armour.
  6003 | D:8      | Found a sparkling altar of Nemelex Xobeh.
  6027 | D:8      | 6027 ||| FLEEEEING.
  6028 | D:8      | 6028 ||| FLEEEEING.
  6029 | D:8      | 6029 ||| FLEEEEING.
  6032 | D:8      | Noticed a kobold demonologist
  6032 | D:8      | Noticed a kobold demonologist
  6033 | D:8      | Killed a kobold demonologist
  6034 | D:8      | Reached XP level 10. HP: 87/96 MP: 10/10
  6036 | D:8      | 6036 ||| Stepping ~*~*~tactically~*~*~ (stealth).
  6039 | D:8      | 6039 ||| Stepping ~*~*~tactically~*~*~ (outnumbered).
  6040 | D:8      | 6040 ||| Stepping ~*~*~tactically~*~*~ (outnumbered).
  6041 | D:8      | Noticed an orange demon
  6042 | D:8      | 6042 ||| Stepping ~*~*~tactically~*~*~ (outnumbered).
  6052 | D:8      | 6052 ||| INVOKING Fiery Armour.
  6297 | D:8      | 6297 ||| Stepping ~*~*~tactically~*~*~ (hiding).
  6298 | D:8      | 6298 ||| Stepping ~*~*~tactically~*~*~ (hiding).
  6299 | D:8      | 6299 ||| Stepping ~*~*~tactically~*~*~ (stealth).
  6300 | D:8      | 6300 ||| Stepping ~*~*~tactically~*~*~ (hiding).
  6301 | D:8      | 6301 ||| Stepping ~*~*~tactically~*~*~ (hiding).
  6303 | D:8      | 6303 ||| Stepping ~*~*~tactically~*~*~ (hiding).
  6306 | D:8      | 6306 ||| Stepping ~*~*~tactically~*~*~ (outnumbered).
  6317 | D:8      | 6317 ||| INVOKING Fiery Armour.
  6399 | D:8      | 6399 ||| UPGRADING to amulet of guardian spirit.
  6404 | D:8      | 6404 ||| DROPPING +6 ring of intelligence.
  6440 | D:9      | 6440 ||| Stepping ~*~*~tactically~*~*~ (hiding).
  6453 | D:9      | 6453 ||| Stepping ~*~*~tactically~*~*~ (outnumbered).
  6454 | D:9      | 6454 ||| Stepping ~*~*~tactically~*~*~ (outnumbered).
  6458 | D:9      | 6458 ||| INVOKING Fiery Armour.
  6464 | D:9      | 6464 ||| Stepping ~*~*~tactically~*~*~ (outnumbered).
  6465 | D:9      | 6465 ||| Stepping ~*~*~tactically~*~*~ (outnumbered).
  6469 | D:9      | Reached skill level 13 in Unarmed Combat
  6521 | D:9      | 6521 ||| Stepping ~*~*~tactically~*~*~ (outnumbered).
  6522 | D:9      | 6522 ||| Stepping ~*~*~tactically~*~*~ (outnumbered).
  6523 | D:9      | 6523 ||| Stepping ~*~*~tactically~*~*~ (outnumbered).
  6524 | D:9      | 6524 ||| Stepping ~*~*~tactically~*~*~ (outnumbered).
  6525 | D:9      | 6525 ||| Stepping ~*~*~tactically~*~*~ (outnumbered).
  6526 | D:9      | 6526 ||| Stepping ~*~*~tactically~*~*~ (outnumbered).
  6527 | D:9      | 6527 ||| Stepping ~*~*~tactically~*~*~ (outnumbered).
  6528 | D:9      | 6528 ||| Stepping ~*~*~tactically~*~*~ (outnumbered).
  6532 | D:9      | 6532 ||| Stepping ~*~*~tactically~*~*~ (outnumbered).
  6537 | D:9      | Reached skill level 14 in Unarmed Combat
  6537 | D:9      | 6537 ||| Stepping ~*~*~tactically~*~*~ (outnumbered).
  6538 | D:9      | 6538 ||| Stepping ~*~*~tactically~*~*~ (outnumbered).
  6539 | D:9      | 6539 ||| Stepping ~*~*~tactically~*~*~ (outnumbered).
  6540 | D:9      | 6540 ||| Stepping ~*~*~tactically~*~*~ (outnumbered).
  6541 | D:9      | 6541 ||| Stepping ~*~*~tactically~*~*~ (outnumbered).
  6554 | D:9      | 6554 ||| Stepping ~*~*~tactically~*~*~ (outnumbered).
  6555 | D:9      | 6555 ||| Stepping ~*~*~tactically~*~*~ (outnumbered).
  6556 | D:9      | 6556 ||| Stepping ~*~*~tactically~*~*~ (outnumbered).
  6558 | D:9      | 6558 ||| Stepping ~*~*~tactically~*~*~ (outnumbered).
  6625 | D:9      | 6625 ||| PLANNING TEMPLE
  6625 | D:9      | 6625 ||| UPGRADING to +1 hat.
  6630 | D:9      | 6630 ||| UPGRADING to ring of poison resistance.
  6632 | D:9      | 6632 ||| UPGRADING to ring of see invisible.
  6635 | D:9      | 6635 ||| READING 2 scrolls of identify.
  6635 | D:9      | 6635 ||| IDENTIFYING smoky blue potion
  6636 | D:9      | 6636 ||| Stepping ~*~*~tactically~*~*~ (stealth).
  6637 | D:9      | 6637 ||| Stepping ~*~*~tactically~*~*~ (stealth).
  6756 | Temple   | Entered the Ecumenical Temple
  6816 | Temple   | 6816 ||| PLANNING CONVERSION TO OKAWARU
  6823 | Temple   | Fell from the grace of Ignis
  6823 | Temple   | Became a worshipper of Warmaster Okawaru
  6824 | Temple   | 6824 ||| PLANNING D:1-11
  6824 | Temple   | 6824 ||| REMOVING amulet of guardian spirit.
  6829 | Temple   | 6829 ||| DROPPING amulet of guardian spirit.
  6932 | D:9      | HP: 21/98 [fire elemental[the fiery vengeance of Ignis]
                  | (9)]
  6932 | D:9      | HP: 8/98 [fire elemental[the fiery vengeance of Ignis]
                  | (13)]
  6933 | D:9      | 6933 ||| READING scroll of teleportation.
  6933 | D:9      | Slain by a fire elemental

Levels and vault maps discovered:
D:1:      minmay_arrival_doors, layout_basic
D:2:      layout_basic
D:3:      layout_basic, lemuel_crystal_altar
D:4:      layout_loops_corners, minmay_temple_entry_butterflies, uniq_duvessa
D:5:      old_forge, layout_rooms
D:6:      layout_loops_cross
D:7:      layout_rooms, enter_bailey_6
D:8:      layout_basic, nemelex_xobeh_ov_fountains_minmay,
          hellmonk_bongcloud_opening, kennysheep_generic_room_11
D:9:      layout_cave_pools, orc_0_dummy, special_room [special_room_orc],
          uniq_harold
Temple:   compressed_dpeg_triangle_lava_temple

Skill      XL: |  1  2  3  4  5  6  7  8  9 10 |
---------------+-------------------------------+-----
Unarmed Combat | 4 5 6 7 9 10 12 14 | 14.0
Throwing       | 1 2 3 4 5 |  5.0
Fighting       | 3 4 5 |  5.7
Dodging        | 1 |  1.4
Armour         | 2 |  2.0
Spellcasting   | |  1.0
Fire Magic     | |  2.1

Action                   |  1- 3 |  4- 6 |  7- 9 | 10-12 || total
-------------------------+-------+-------+-------+-------++-------
Melee: Unarmed           |    76 |    79 |   283 |    93 ||   531
       Punch             |     1 |       |     9 |    10 ||    20
Throw: Boomerang         |    31 |       |     3 |       ||    34
       Large rock        |     2 |    22 |    40 |     7 ||    71
       Javelin           |       |       |     2 |     6 ||     8
Invok: Fiery Armour      |       |     2 |     7 |     3 ||    12
  Use: Scroll            |     8 |     3 |     3 |     2 ||    16
       Potion            |       |     2 |     4 |       ||     6
Armor: Robe              |    26 |    22 |    65 |       ||   113
       Acid dragon scale |       |       |    46 |    54 ||   100
Dodge: Dodged            |    25 |    22 |   139 |    57 ||   243

Table legend:
 A = Non-vault XP
 B = Vault XP
 C = Vault XP percentage of total XP
 D = Non-vault monster count
 E = Vault monster count
 F = Vault count percentage of total count
                 A         B        C        D         E       F
            +---------+---------+-------+---------+---------+-------
      Total |    8694 |    1000 |  10.3 |     204 |      28 |  12.1
            +---------+---------+-------+---------+---------+-------
        D:1 |      38 |       0 |   0.0 |      22 |       0 |   0.0
        D:2 |      40 |       0 |   0.0 |      17 |       0 |   0.0
        D:3 |      46 |       0 |   0.0 |      15 |       0 |   0.0
        D:4 |     321 |     218 |  40.4 |      27 |       2 |   6.9
        D:5 |     900 |     445 |  33.1 |      21 |      14 |  40.0
        D:6 |     902 |       0 |   0.0 |      25 |       0 |   0.0
        D:7 |     879 |       0 |   0.0 |      17 |       0 |   0.0
        D:8 |    2525 |     177 |   6.6 |      36 |       2 |   5.3
        D:9 |    3043 |     160 |   5.0 |      24 |      10 |  29.4
            +---------+---------+-------+---------+---------+-------
